 Dungeon Crawl Stone Soup version 0.25-a0-510-ge065f6de7d (webtiles) character file.

Game seed: 16808431615057182339, levelgen mode: classic

133131 EnegeticOcto the Severer (level 16, -9/157 HPs)
             Began as a Deep Dwarf Fighter on Feb 15, 2020.
             Was a High Priest of Makhleb.
             Killed by the raging water
             ... invoked by a water nymph
              (25 damage)
             ... on level 3 of the Shoals.
             The game lasted 00:15:36 (15985 turns).

EnegeticOcto the Severer (Deep Dwarf Fighter)      Turns: 15985, Time: 00:15:36

Health: -9/157     AC: 25    Str: 23    XL:     16   Next: 29%
Magic:  11/11      EV:  9    Int: 15    God:    Makhleb [*****.]
Gold:   1339       SH: 18    Dex: 12    Spells: 15/15 levels left

rFire    + + .     SeeInvis .   a - +7 broad axe (vamp)
rCold    . . .     Gourm    .   q - +0 tower shield
rNeg     + . .     Faith    .   H - +2 plate armour {rF+}
rPois    +         Spirit   .   b - +2 helmet of the World {Slay+2}
rElec    .         Reflect  .   k - +0 cloak
rCorr    .         Harm     .   A - +0 pair of gloves
MR       ++++.                  D - +0 pair of boots of the Wumpus {MR++ Str-3 Int+5}
Stlth    ..........             u - amulet of the acrobat
HPRegen  0.00/turn              I - ring of protection from fire
MPRegen  0.12/turn              t - ring of poison resistance

@: lethally poisoned (-9 -> -9), marked, non-regenerating, very slow
A: damage resistance, heal wounds, negative energy resistance 1, sense
surroundings 2, no regeneration
}: 1/15 runes: serpentine
a: Heal Wounds, Minor Destruction, Lesser Servant of Makhleb, Major Destruction,
Greater Servant of Makhleb, Renounce Religion


You were on level 3 of the Shoals.
You worshipped Makhleb.
Makhleb was extremely pleased with you.
You were full.

You visited 4 branches of the dungeon, and saw 26 of its levels.
You also visited: Bailey and Gauntlet.

You collected 1646 gold pieces.
You spent 307 gold pieces at shops.

Inventory:

Hand Weapons
 a - a +7 vampiric broad axe (weapon)
 K - a +1 vampiric war axe
Missiles
 x - 6 throwing nets (quivered)
Armour
 b - the +2 helmet of the World (worn) {Slay+2}
   (You found it in a Gauntlet)

   It affects your accuracy and damage with ranged weapons and melee attacks
   (+2).
   If you remove this armour, your AC will decrease by 4 (25 -> 21).
 c - a +0 kite shield
 k - a +0 cloak (worn)
 q - a +0 tower shield (worn)
 A - a +0 pair of gloves (worn)
 D - the +0 pair of boots of the Wumpus (worn) {MR++ Str-3 Int+5}
   (You found it on level 8 of the Dungeon)

   It affects your strength (-3).
   It affects your intelligence (+5).
   It affects your resistance to hostile enchantments.
   If you remove this armour, your AC will decrease by 2 (25 -> 23).
 H - a +2 plate armour of fire resistance (worn)
Jewellery
 t - a ring of poison resistance (right hand)
 u - an amulet of the acrobat (around neck)
 v - an uncursed ring of positive energy
 E - an uncursed amulet of guardian spirit
 I - a ring of protection from fire (left hand)
Wands
 w - a wand of acid (17) {@V1}
 y - a wand of polymorph (11)
 z - a wand of iceblast (16)
 F - a wand of enslavement (3)
Scrolls
 d - 6 scrolls of immolation {@r4}
 i - 10 scrolls of identify {@r1}
 m - 6 scrolls of teleportation {@r2}
 n - 12 scrolls of blinking {@r3}
 C - 4 scrolls of remove curse {@r6}
 J - 2 scrolls of holy word
 L - 2 scrolls of magic mapping {@r5}
 P - a scroll of fog
 Q - 2 scrolls of enchant armour
 R - a scroll of brand weapon
Potions
 f - 2 potions of brilliance
 g - 14 potions of degeneration
 h - 3 potions of berserk rage
 j - 2 potions of cancellation
 l - 3 potions of agility {@q5}
 o - 4 potions of heal wounds {@q2}
 p - 3 potions of might {@q3}
 r - 4 potions of curing {@q1}
 s - a potion of resistance {@q6}
 B - 4 potions of lignification {@q7}
 M - 3 potions of haste {@q4}
 S - a potion of ambrosia
Miscellaneous
 G - a lamp of fire
Comestibles
 e - 39 rations
 N - 19 chunks of flesh


   Skills:
 * Level 13.6 Fighting
 * Level 15.7 Axes
 + Level 11.7 Armour
 + Level 11.4 Dodging
 + Level 11.8 Shields
 + Level 14.9 Invocations


You had 15 spell levels left.
You didn't know any spells.
Your spell library contained the following spells:

 Spells                   Type           Power        Failure   Level  Hunger
 Animate Skeleton         Necr           N/A          100%        1    ##.....
 Pain                     Necr           #...         100%        1    ##.....
 Vampiric Draining        Necr           #.........   100%        3    ####...
 Animate Dead             Necr           N/A          100%        4    #####..
 Cause Fear               Hex            #.........   100%        4    #####..
 Agony                    Necr           #.......     100%        5    ######.
 Silence                  Hex/Air        #.........   100%        5    ######.
 Yara's Violent Unravell  Hex/Tmut       #.........   100%        5    ######.
 Deflect Missiles         Chrm/Air       #.........   100%        6    #######
 Discord                  Hex            #.........   100%        8    #######


Dungeon Overview and Level Annotations

Branches:
Dungeon (15/15)            Temple (0/1) D:5            Lair (4/6) D:8
 Shoals (3/4) Lair:4        Snake (4/4) Lair:2          Orc (0/2) D:10
 Vaults (0/5) D:13         Depths (0/5) D:15         Bailey (visited)
Gauntlet (visited)

Altars:
Ashenzari
Dithmenos
Fedhas
Gozag
Kikubaaqudgha
Makhleb
Ru
Sif Muna
Trog
Wu Jian
Xom
Zin
The Shining One

Shops:
D:15 *

Annotations:
D:7 2 transporters, jperry's ghost, novice MiBe
D:9 2 transporters, kae's ghost, novice DsGl
D:14 3 runed translucent doors, exclusion: 2 oklob plants, Ecyt's ghost, journeyman TrTm
Lair:4 2 runed translucent doors


Innate Abilities, Weirdness & Mutations

You are resistant to damage.
You can heal yourself by infusing magical energy.
You resist negative energy. (rN+)
You passively map the area around you.
You do not regenerate.


Message History

Some of the chunks of flesh in your inventory have rotted away.
There are monsters nearby!
Your unstable footing causes you to fumble your attack.
Your lungs strain for air!
You block the sea snake's attack.
A sea snake comes into view.
You block the sea snake's attack.
A faun comes into view. It is wielding a +0 spear.
You block the merfolk impaler's attack. You block the water elemental's attack.
The merfolk hits you from afar with a +0 trident!
The water elemental hits you.
You slip free of the water engulfing you.
You gasp with relief as air once again reaches your lungs.
You block the sea snake's attack.
Splash!
You fall into the shallow water.
Moving in this stuff is going to be slow.
You block the sea snake's attack. The merfolk barely misses you.
You block the merfolk's attack. The sea snake completely misses you.
A demon appears!
The water nymph points at you and mumbles some strange words.
The water swirls and strikes you. The merfolk closely misses you.
The sea snake bites you but does no damage.
A manticore comes into view.
You block the merfolk's attack.
The sea snake bites you but does no damage.
You block the merfolk's attack.
A merfolk siren comes into view. It is wielding a +1 spear of venom.
A demon appears!
It doesn't seem very happy.
The sea snake bites you.
The water nymph points at you and mumbles some strange words.
The water swirls and strikes you. The merfolk barely misses you.
The sea snake bites you!
The merfolk hits you but does no damage.
You block the merfolk's attack.
The merfolk siren chants a haunting song.
You resist with almost no effort. You block the merfolk's attack.
You block the sea snake's attack.
Your blizzard demon hits the merfolk aquamancer! x2
Your unstable footing causes you to fumble your attack.
The water nymph touches you. The water nymph drowns you!
The merfolk siren chants a haunting song.
You resist with almost no effort.
The sea snake bites you but does no damage.
The merfolk aquamancer hits your blizzard demon with a +0 rapier of venom.
A centaur comes into view.
The merfolk hits you but does no damage.
The sea snake bites you.
A water elemental comes into view.
The merfolk siren chants a haunting song.
You resist with almost no effort. You block the merfolk's attack.
The Executioner hits you!
The Executioner hits you but does no damage.
You block the Executioner's attack. The merfolk barely misses you.
Your blizzard demon waves its arms in wide circles.
The air twists around and strikes the water nymph!!
The merfolk aquamancer mumbles some strange words.
The merfolk aquamancer blinks!
You slash the merfolk aquamancer!
You feel better.
The merfolk aquamancer is severely wounded.
You miss the Executioner.
Your plate armour prevents you from hitting the sea snake.
You slash the sea snake! You hit the water nymph.
You feel better. You block the Executioner's attack.
The Executioner hits you but does no damage.
You block the Executioner's attack. The merfolk closely misses you.
The water nymph points at you and mumbles some strange words.
The water swirls and strikes you!
The merfolk impaler hits you from afar with a +1 trident of freezing.
The merfolk impaler freezes you.
A faun comes into view. It is wielding a +0 quarterstaff.
The merfolk siren chants a haunting song.
You resist with almost no effort.
The sea snake bites you but does no damage.
A merfolk siren comes into view. It is wielding a +1 trident of venom.
The merfolk aquamancer gestures at you while chanting.
The shard of ice hits you!!
* * * LOW HITPOINT WARNING * * *
The sea snake closely misses you. You block the merfolk's attack.
The merfolk impaler hits you from afar with a +1 trident of freezing!
* * * LOW HITPOINT WARNING * * *
The merfolk impaler freezes you.
* * * LOW HITPOINT WARNING * * *
You are too injured to fight recklessly!
A demon appears!
The Executioner hits you!
* * * LOW HITPOINT WARNING * * *
You block the Executioner's attack. The Executioner barely misses you.
You block the merfolk's attack.
The Executioner hits you but does no damage.
The Executioner closely misses you. x2
Your blizzard demon misses the merfolk aquamancer.
Your blizzard demon hits the merfolk aquamancer!
The merfolk siren chants a haunting song.
You resist with almost no effort. You block the merfolk's attack.
The sea snake bites you!
* * * LOW HITPOINT WARNING * * *
The water nymph gestures at you while chanting.
The water swirls and strikes you!!
You die...

,, ≈≈≈≈≈≈≈...#≈.≈ ≈ ≈ ≈
≈ m≈≈≈≈≈≈≈≈≈....≈≈≈ ≈ ,
.c...≈≈≈≈≈≈≈E≈≈≈≈ ≈ , ≈
< ..c#.≈≈≈≈≈≈≈≈≈≈≈
S...ccm≈≈≈H≈≈≈≈≈≈
.≈..HmEm≈≈≈≈≈≈≈≈≈≈ ≈ ≈
* .≈...mEmmE≈≈≈≈≈≈≈≈.,
, , ,, #SSmm≈≈≈≈≈≈≈≈..
* ,≈ .#
#@mE≈≈≈≈≈≈≈≈≈≈≈≈ ,,
≈..###1mm≈≈≈≈≈≈≈≈≈≈≈≈≈
, ....2≈2≈≈≈≈≈≈≈≈≈≈≈≈≈≈
≈ ≈..≈≈≈≈≈≈≈≈≈≈≈≈≈≈≈≈≈≈
≈
≈≈≈≈≈≈≈≈≈≈≈≈≈≈≈≈≈≈≈≈≈≈≈
,
≈≈≈≈≈≈≈..≈≈≈≈≈≈≈≈≈≈≈≈≈
,
≈≈≈≈≈≈≈≈≈).P...PPP≈≈≈≈
, ≈
≈≈≈≈≈≈≈≈≈))###..P.≈≈≈≈≈
≈ ≈
≈≈≈≈≈...<###P.PPP≈≈≈≈≈


You could see a merfolk impaler, an Executioner, 2 sea snakes, a merfolk
aquamancer, 7 merfolk, 3 fauns, 2 manticores, 5 water elementals, 2 merfolk
sirens, a water nymph, a centaur, a friendly green death and a friendly blizzard
demon.

Vanquished Creatures
  Frances (D:13)
  7 nagarajas (Snake:4)
  A minotaur (Gauntlet)
  A merfolk impaler (Shoals:3)
  A rakshasa (D:14)
  An ice dragon (shapeshifter) (Gauntlet)
  6 hydras
  8 naga warriors
  A merfolk avatar (Shoals:1)
  A catoblepas (D:13)
  An ogre mage (D:15)
  4 vault guards (D:13)
  3 centaur warriors
  6 death yaks (Lair:2)
  7 anacondas
  12 two-headed ogres
  The ghost of derval the Gelid, a journeyman DEIE of Ashenzari (D:11)
  A tengu warrior (Gauntlet)
  10 naga sharpshooters
  A shock serpent (Snake:3)
  A sea snake (Shoals:2)
  3 unseen horrors
  5 naga ritualists
  A wizard (D:15)
  2 orc knights (Bailey)
  A wolf spider zombie (D:14)
  3 mana vipers (Snake:2)
  10 ugly things
  4 deep elf magi
  3 salamanders
  2 manticores (Shoals:1)
  5 cyclopes
  13 black mambas
  9 guardian serpents
  A merfolk siren (Shoals:3)
  A water nymph (shapeshifter) (Gauntlet)
  A water nymph (Shoals:1)
  9 naga magi
  3 orange demons (D:12)
  A centaur zombie (D:13)
  A torpor snail (Lair:2)
  4 spiny frogs
  3 komodo dragons
  3 yaktaurs (D:15)
  2 rime drakes
  2 tengu conjurers
  4 trolls
  3 red devils (D:12)
  A queen bee (D:11)
  A wind drake (Shoals:1)
  A hornet (D:13)
  8 merfolk
  A meliai (shapeshifter) (Gauntlet)
  9 blink frogs
  2 snapping turtles
  4 hippogriffs
  12 slime creatures
  3 dream sheep (Shoals:3)
  4 shadows
  3 vampires
  2 wraiths
  13 yaks
  A water elemental (Shoals:3)
  A steam dragon (D:13)
  4 basilisks
  A hungry ghost (D:8)
  28 nagas
  A soldier ant (D:14)
  3 porcupines
  3 water moccasins
  17 orc warriors
  6 sky beasts
  7 ice beasts
  A hornet zombie (D:9)
  An eye of draining (D:15)
  A phantom (D:4)
  4 black bears
  3 wolves (Lair:2)
  6 ogres
  8 centaurs
  9 crocodiles
  13 bullfrogs
  A wyvern zombie (D:7)
  A water moccasin zombie (D:9)
  4 scorpions
  40 killer bees
  9 wights
  A bullfrog zombie (D:9)
  4 howler monkeys
  4 crimson imps
  5 hounds
  6 jellies
  19 orc wizards
  10 orc priests
  4 bullfrog skeletons
  4 iguanas
  5 centaur skeletons
  7 worker ants
  12 gnolls
  8 adders
  A howler monkey skeleton (D:4)
  4 shadow imps
  4 oozes
  An adder skeleton (D:6)
  4 worms
  2 dart slugs
  3 leopard geckos
  69 orcs
  A ball python (D:4)
  4 giant cockroaches
  9 goblins
  15 jackals
  5 kobolds
  4 quokkas
  4 bats
  3 frilled lizards
  A leopard gecko skeleton (D:3)
  A quokka skeleton (D:5)
  6 rats
  3 fungi
  5 plants (Shoals:1)
649 creatures vanquished.

Vanquished Creatures (collateral kills)
  A nagaraja (Snake:4)
  5 anacondas (Snake:4)
  A naga sharpshooter (Snake:4)
  A naga ritualist (Snake:4)
  4 guardian serpents (Snake:4)
  2 orange demons (D:12)
  Maggie (D:7)
  A naga mage (Snake:4)
  2 merfolk (Lair:4)
  A hungry ghost (D:7)
  4 nagas (Snake:4)
  A hound zombie (D:7)
24 creatures vanquished.

Vanquished Creatures (others)
  A naga sharpshooter (Snake:4)
  An unseen horror (D:13)
  A fungus (Lair:2)
  4 plants
7 creatures vanquished.

Grand Total: 680 creatures vanquished

Notes
Turn   | Place    | Note
-------+----------+-------------------------------------------
     0 | D:1      | EnegeticOcto the Deep Dwarf Fighter began the quest for the
                  | Orb.
     0 | D:1      | Reached XP level 1. HP: 20/20 MP: 1/1
   140 | D:1      | Reached XP level 2. HP: 27/27 MP: 2/2
   240 | D:2      | Reached XP level 3. HP: 26/33 MP: 3/3
   285 | D:2      | Found a burning altar of Makhleb.
   297 | D:2      | Reached skill level 1 in Dodging
   303 | D:2      | Became a worshipper of Makhleb the Destroyer
   340 | D:2      | Found an opulent altar of Gozag.
   481 | D:2      | Found an ornate altar of the Wu Jian Council.
   895 | D:3      | Reached skill level 3 in Axes
  1075 | D:3      | Noticed an orc warrior
  1101 | D:3      | Killed an orc warrior
  1101 | D:3      | Reached XP level 4. HP: 36/42 MP: 1/3
  1101 | D:3      | Reached XP level 5. HP: 43/49 MP: 1/4
  1234 | D:3      | Found a shattered altar of Ashenzari.
  1247 | D:3      | Reached * piety under Makhleb
  1336 | D:3      | Reached skill level 4 in Axes
  1336 | D:3      | Reached XP level 6. HP: 45/57 MP: 6/6
  1802 | D:4      | Found a shimmering blue altar of Sif Muna.
  2021 | D:4      | Reached ** piety under Makhleb
  2166 | D:4      | Found a sacrificial altar of Ru.
  2199 | D:4      | Reached XP level 7. HP: 62/64 MP: 7/7
  2533 | D:5      | Entered Level 5 of the Dungeon
  2695 | D:5      | Reached skill level 5 in Axes
  2723 | D:5      | Found a staircase to the Ecumenical Temple.
  2899 | D:5      | Noticed a troll
  2929 | D:5      | Killed a troll
  2929 | D:5      | Reached skill level 5 in Fighting
  2929 | D:5      | Reached skill level 5 in Invocations
  2929 | D:5      | Reached XP level 8. HP: 39/74 MP: 7/9
  3093 | D:5      | Found a blossoming altar of Fedhas.
  3302 | D:6      | Reached skill level 5 in Armour
  3330 | D:6      | Reached skill level 5 in Shields
  3376 | D:6      | Reached skill level 6 in Axes
  3968 | D:7      | Gained mutation: You passively map the area around you.
                  | [Deep Dwarf growth]
  3968 | D:7      | Reached XP level 9. HP: 57/82 MP: 7/9
  3977 | D:7      | Reached *** piety under Makhleb
  4117 | D:7      | Noticed Maggie
  4142 | D:7      | Killed Maggie
  4196 | D:7      | Reached skill level 7 in Axes
  4217 | D:7      | Found a transporter.
  4219 | D:7      | Identified the cursed +0 great mace of Imminent Death
                  | {flame, Dex+2}
  4219 | D:7      | Identified the +5 dire flail "Mud Pie of Death" {speed,
                  | +Inv Dex+3}
  4219 | D:7      | Noticed a two-headed ogre
  4223 | D:7      | Noticed jperry's ghost (novice MiBe)
  4397 | D:7      | Found a glowing silver altar of Zin.
  4402 | D:7      | Found a sacrificial altar of Ru.
  4405 | D:7      | Found a shimmering altar of Xom.
  4435 | D:7      | Found a transporter.
  4575 | D:8      | Got a pair of shimmering boots
  4586 | D:8      | Identified the cursed +0 pair of boots of the Wumpus {MR++
                  | Str-3 Int+5} (You found it on level 8 of the Dungeon)
  4597 | D:8      | Found a staircase to the Lair.
  4772 | D:8      | Reached skill level 5 in Dodging
  5224 | D:8      | Got a fine war axe
  5225 | D:8      | Identified the +7 war axe of the Original Sin {flame, rElec
                  | Dex+2} (You found it on level 8 of the Dungeon)
  5386 | D:9      | Reached XP level 10. HP: 85/92 MP: 9/9
  5442 | D:9      | Found a flagged portal.
  5450 | D:9      | Reached **** piety under Makhleb
  5456 | D:9      | Reached skill level 8 in Axes
  5467 | Bailey   | Entered a bailey
  5513 | Bailey   | Noticed an orc knight
  5514 | Bailey   | Noticed an orc knight
  5524 | Bailey   | Killed an orc knight
  5536 | Bailey   | Killed an orc knight
  5689 | D:9      | Noticed a two-headed ogre
  5702 | D:9      | Found a bloodstained altar of Trog.
  5702 | D:9      | Noticed a two-headed ogre
  5702 | D:9      | Noticed a moth of wrath
  5702 | D:9      | Noticed a cyclops
  5707 | D:9      | Noticed a two-headed ogre
  5707 | D:9      | Noticed a two-headed ogre
  5709 | D:9      | Noticed a two-headed ogre
  5720 | D:9      | Killed a two-headed ogre
  5804 | D:9      | Found an ancient bone altar of Kikubaaqudgha.
  6058 | D:9      | Reached skill level 9 in Axes
  6112 | D:9      | Found a transporter.
  6112 | D:9      | Noticed kae's ghost (novice DsGl)
  6118 | D:9      | Found a transporter.
  6292 | D:10     | Entered Level 10 of the Dungeon
  6335 | D:10     | Found a shadowy altar of Dithmenos.
  6486 | D:10     | Reached skill level 10 in Invocations
  6572 | D:10     | Reached XP level 11. HP: 74/103 MP: 9/9
  6633 | D:10     | Found a staircase to the Orcish Mines.
  6946 | D:11     | Reached ***** piety under Makhleb
  6985 | D:11     | Noticed a red ugly thing
  7000 | D:11     | Killed a red ugly thing
  7375 | D:11     | Found a runed translucent gate.
  7375 | D:11     | Found a runed translucent gate.
  7380 | D:11     | Noticed a 12-headed hydra
  7380 | D:11     | Noticed derval's ghost (journeyman DEIE)
  7381 | D:11     | Found a runed translucent gate.
  7412 | D:11     | Noticed a two-headed ogre
  7419 | D:11     | Killed a two-headed ogre
  7439 | D:11     | Killed derval's ghost
  7444 | D:11     | Killed a two-headed hydra
  7444 | D:11     | Reached skill level 10 in Axes
  7764 | D:12     | Noticed a deep elf mage
  7772 | D:12     | Killed a deep elf mage
  7835 | D:12     | Noticed a two-headed ogre
  7846 | D:12     | Killed a two-headed ogre
  7846 | D:12     | Reached XP level 12. HP: 86/114 MP: 11/11
  8481 | D:12     | Noticed a two-headed ogre
  8488 | D:12     | Killed a two-headed ogre
  8556 | D:13     | Found a gate to the Vaults.
  8556 | D:13     | Noticed a two-headed ogre
  8556 | D:13     | Noticed a vault guard
  8556 | D:13     | Noticed a vault guard
  8556 | D:13     | Noticed a vault guard
  8556 | D:13     | Noticed a vault guard
  8556 | D:13     | Noticed a two-headed ogre
  8564 | D:13     | Killed a two-headed ogre
  8564 | D:13     | Reached skill level 11 in Axes
  8575 | D:13     | Killed a vault guard
  8579 | D:13     | Killed a two-headed ogre
  8585 | D:13     | Killed a vault guard
  8605 | D:13     | Killed a vault guard
  8606 | D:13     | Killed a vault guard
  8606 | D:13     | Reached skill level 10 in Fighting
  8703 | D:13     | Paralysed by a hornet for 1 turns
  8788 | D:13     | Noticed Frances
  8810 | D:13     | Killed Frances
  8896 | D:13     | Reached XP level 13. HP: 124/124 MP: 10/10
  9043 | D:13     | Reached skill level 12 in Axes
 10044 | D:14     | Found a runed translucent gate.
 10045 | D:14     | Found a runed translucent gate.
 10054 | D:14     | Found a runed translucent gate.
 10078 | D:14     | Noticed Ecyt's ghost (journeyman TrTm)
 10095 | D:14     | Found a blossoming altar of Fedhas.
 10762 | D:15     | Entered Level 15 of the Dungeon
 10922 | D:15     | Found the +8 lance "Wyrmbane" {slay drac, rPois rF+ rC+
                  | AC+3}
 10990 | D:15     | Found Ges Qul's Assorted Antiques.
 10998 | D:15     | Bought a scroll of enchant weapon for 307 gold pieces
 11057 | D:15     | Reached skill level 13 in Axes
 11065 | D:15     | Gained mutation: You resist negative energy. (rN+) [Deep
                  | Dwarf growth]
 11065 | D:15     | Reached XP level 14. HP: 135/135 MP: 7/7
 11067 | D:15     | Reached skill level 10 in Shields
 11076 | D:15     | Reached skill level 10 in Armour
 11602 | Lair:1   | Entered Level 1 of the Lair of Beasts
 11919 | Lair:2   | Found a staircase to the Snake Pit.
 12716 | Lair:3   | Found a glowing golden altar of the Shining One.
 13529 | Lair:4   | Found a gate leading to a gauntlet.
 13541 | Gauntlet | Entered a Gauntlet
 13541 | Gauntlet | Found a transporter.
 13554 | Gauntlet | Found a transporter.
 13565 | Gauntlet | Found a transporter.
 13570 | Gauntlet | Found a transporter.
 13585 | Gauntlet | Found a transporter.
 13604 | Gauntlet | Found a transporter.
 13616 | Gauntlet | Found a transporter.
 13616 | Gauntlet | Noticed an entropy weaver
 13624 | Gauntlet | Found a transporter.
 13641 | Gauntlet | Found a transporter.
 13653 | Gauntlet | Found a transporter.
 13661 | Gauntlet | Found a large runed translucent door.
 13662 | Gauntlet | Found a large runed translucent door.
 13663 | Gauntlet | Found a large runed translucent door.
 13663 | Gauntlet | Found a large runed translucent door.
 13664 | Gauntlet | Found a runed translucent gate.
 13665 | Gauntlet | Found a transporter.
 13665 | Gauntlet | Found a runed translucent gate.
 13666 | Gauntlet | Found a runed translucent gate.
 13667 | Gauntlet | Found a large runed translucent door.
 13667 | Gauntlet | Found a large runed translucent door.
 13668 | Gauntlet | Found a large runed translucent door.
 13669 | Gauntlet | Found a large runed translucent door.
 13678 | Gauntlet | Found a large runed translucent door.
 13678 | Gauntlet | Found a large runed translucent door.
 13678 | Gauntlet | Found a runed translucent door.
 13678 | Gauntlet | Found a runed translucent door.
 13679 | Gauntlet | Found a large runed translucent door.
 13680 | Gauntlet | Found a large runed translucent door.
 13682 | Gauntlet | Found a transporter.
 13690 | Gauntlet | Found a large runed translucent door.
 13690 | Gauntlet | Found a large runed translucent door.
 13691 | Gauntlet | Found a large runed translucent door.
 13692 | Gauntlet | Found a large runed translucent door.
 13700 | Gauntlet | Found a transporter.
 13702 | Gauntlet | Found a transporter.
 13730 | Gauntlet | Found a transporter.
 13752 | Gauntlet | Found a transporter.
 13844 | Gauntlet | Found a transporter.
 13949 | Gauntlet | Found a transporter.
 13966 | Gauntlet | Got a heavily runed steel amulet
 13974 | Gauntlet | Identified the amulet of the Shining One's Hope {Inacc
                  | Fragile Int+4 Dex+2} (You found it in a Gauntlet)
 14005 | Gauntlet | Reached skill level 10 in Dodging
 14054 | Gauntlet | Reached skill level 14 in Axes
 14057 | Gauntlet | Got an encrusted helmet
 14068 | Gauntlet | Identified the +2 helmet of the World {Slay+2} (You found
                  | it in a Gauntlet)
 14160 | Lair:4   | Found a staircase to the Shoals.
 14231 | Lair:4   | Reached ****** piety under Makhleb
 14270 | Lair:4   | Found a runed translucent gate.
 14271 | Lair:4   | Found a runed translucent gate.
 14334 | Snake:1  | Entered Level 1 of the Snake Pit
 14384 | Snake:2  | Reached XP level 15. HP: 146/146 MP: 0/9
 14921 | Snake:4  | Entered Level 4 of the Snake Pit
 15208 | Snake:4  | Noticed a nagaraja
 15211 | Snake:4  | Noticed an Executioner
 15222 | Snake:4  | Killed a nagaraja
 15234 | Snake:4  | Noticed a nagaraja
 15236 | Snake:4  | Noticed a nagaraja
 15240 | Snake:4  | Reached skill level 15 in Axes
 15253 | Snake:4  | Killed a nagaraja
 15255 | Snake:4  | Noticed a nagaraja
 15260 | Snake:4  | Killed a nagaraja
 15282 | Snake:4  | Killed a nagaraja
 15302 | Snake:4  | Noticed a nagaraja
 15304 | Snake:4  | Noticed a nagaraja
 15309 | Snake:4  | Noticed a nagaraja
 15314 | Snake:4  | Killed a nagaraja
 15327 | Snake:4  | Killed a nagaraja
 15327 | Snake:4  | Reached XP level 16. HP: 150/157 MP: 9/11
 15470 | Snake:4  | Got a serpentine rune of Zot
 15647 | Shoals:1 | Entered Level 1 of the Shoals
 15982 | Shoals:3 | Noticed an Executioner
 15985 | Shoals:3 | Killed from afar by a water nymph

Levels and vault maps discovered:
D:1:      dpeg_arrival_brainrot, layout_rooms, serial_forest,
          infiniplex_forest_end_1, infiniplex_forest_clump_medium,
          infiniplex_forest_end_2, infiniplex_forest_clump_double,
          infiniplex_forest_lined_2, infiniplex_forest_lined_3,
          infiniplex_forest_corner_2, infiniplex_forest_clump_medium,
          infiniplex_forest_lined_3_way, infiniplex_forest_straight_2
D:2:      layout_basic, lemuel_coloured_pillars_altar,
          overflow_temple_1_default, overflow_temple_1_default, first_ration,
          chequers_serial_rivers_marsh, minmay_stone_trees_medium
D:3:      layout_basic, nicolae_ashenzari_panopticon
D:4:      layout_loops_corners, led_sif_pool, nicolae_ru_the_path_less_chosen
D:5:      layout_basic, minmay_temple_entry_arrows, serial_curves,
          eino_curves_04, eino_curves_01, minmay_misc_feat_tower, fedhas_altar_4
D:6:      layout_basic
D:7:      layout_cave_pools, minmay_overflow_temple_star_quad,
          gammafunk_ghost_smash, uniq_maggie
D:8:      layout_gridville, david_lair_generic
D:9:      layout_irregular_city, nicolae_overflow_hidden_temple,
          gammafunk_ghost_wrathful_warriors, enter_bailey_7, grunt_ogre_cave
D:10:     layout_long_grid, david_orc_4, grunt_dithmenos_smoke_and_mirrors
D:11:     layout_loops_cross, gammafunk_ghost_hydra_chop, minivault_7
D:12:     layout_long_grid, minmay_beelzebubs_servants
D:13:     layout_stronghold, lightli_vaults_fourway_checkpoint,
          chequers_serial_rivers_large_a, st_stairs_1, uniq_frances
D:14:     layout_irregular_city, ebering_ghost_rock_garden,
          hangedman_tree_tricks
D:15:     grunt_enter_depths_magical_seal, layout_grid_maze, serial_shops,
          nicolae_shop_crystal, serial_park_tiny_1
Lair:1:   layout_loops_ring, infiniplex_staircase_pool, grunt_megastairs_3,
          minmay_lair_oklob_chamber
Lair:2:   layout_chaotic_city, guppyfry_snake_entry_island, serial_rivers,
          chequers_serial_rivers_small_3, chequers_serial_rivers_room_b,
          chequers_serial_rivers_micro_e, chequers_serial_rivers_small_b,
          chequers_serial_rivers_micro_b, lemuel_fruit_fields
Lair:3:   layout_roguey, basic_altar, wad_woods_06, grunt_megastairs_4,
          lemuel_fruit_fields
Lair:4:   layout_cave_pods, elwin_shoals_entry_stream, gammafunk_ghost_ooze,
          gauntlet_entry_generic
Shoals:1: layout_shoals, kb_tengu_band
Shoals:2: layout_shoals, uniq_ilsuiw, uniq_jorgrun
Shoals:3: layout_shoals
Snake:1:  layout_basic, drop_trap, grunt_ministairs_1, uniq_aizul
Snake:2:  layout_onion
Snake:3:  layout_layer_cave, serial_shops, nicolae_shop_stone,
          serial_bayou_shore_b
Snake:4:  grunt_snake_rune_serpentine_throne, layout_misc_corridors

Skill      XL: |  1  2  3  4  5  6  7  8  9 10 11 12 13 14 15 |
---------------+----------------------------------------------+-----
Dodging        | 1 2 3 4 5 6 7 8 9 10 11 | 11.4
Fighting       | 3 4 5 6 7 9 10 11 12 13 | 13.6
Axes           | 3 4 5 6 7 9 10 11 13 14 15 | 15.7
Invocations    | 2 3 5 6 8 10 11 12 13 14 | 14.9
Armour         | 4 5 6 7 8 9 10 11 | 11.7
Shields        | 4 5 6 7 8 9 10 11 | 11.8

Action                   |  1- 3 |  4- 6 |  7- 9 | 10-12 | 13-15 | 16-18 || total
-------------------------+-------+-------+-------+-------+-------+-------++-------
Melee: War axe           |   143 |   158 |   393 |   304 |    32 |       ||  1030
       Broad axe         |       |       |       |   287 |  1062 |   219 ||  1568
Invok: Lesser Servant of |       |       |     1 |     4 |     3 |       ||     8
       Greater Servant o |       |       |       |       |     5 |     3 ||     8
 Abil: Heal Wounds       |     6 |     1 |     9 |    16 |     6 |       ||    38
Evoke: Wand              |       |       |       |       |     3 |       ||     3
  Use: Potion            |     1 |       |       |     1 |       |       ||     2
       Scroll            |       |     9 |     8 |     8 |     5 |     1 ||    31
 Stab: Distracted        |       |       |       |     3 |     2 |       ||     5
       Confused          |       |       |       |     1 |       |       ||     1
  Eat: Chunk             |     1 |     4 |    13 |     8 |    11 |     2 ||    39
       Ration            |       |       |     1 |     1 |     3 |     2 ||     7
Armor: Scale mail        |    64 |       |       |       |       |       ||    64
       Plate armour      |       |   124 |   275 |   515 |   857 |   100 ||  1871
Dodge: Dodged            |    57 |    37 |   153 |   286 |   552 |    81 ||  1166
Block: Kite shield       |    90 |   108 |   287 |   501 |   737 |       ||  1723
       Tower shield      |       |       |       |       |   222 |   208 ||   430

Table legend:
 A = Non-vault XP
 B = Vault XP
 C = Vault XP percentage of total XP
 D = Non-vault monster count
 E = Vault monster count
 F = Vault count percentage of total count
                 A         B        C        D         E       F
            +---------+---------+-------+---------+---------+-------
      Total |   94702 |   76915 |  44.8 |     482 |     185 |  27.7
            +---------+---------+-------+---------+---------+-------
        D:1 |      10 |       2 |  16.7 |       7 |       1 |  12.5
        D:2 |      52 |       0 |   0.0 |      14 |       0 |   0.0
        D:3 |     382 |       0 |   0.0 |      43 |       0 |   0.0
        D:4 |     578 |       0 |   0.0 |      22 |       0 |   0.0
        D:5 |     704 |       0 |   0.0 |      16 |       0 |   0.0
        D:6 |    1062 |       0 |   0.0 |      31 |       0 |   0.0
        D:7 |     835 |     258 |  23.6 |      22 |       1 |   4.3
        D:8 |     861 |     745 |  46.4 |      13 |       4 |  23.5
        D:9 |    2630 |     138 |   5.0 |      34 |       5 |  12.8
       D:10 |     883 |     813 |  47.9 |      13 |      17 |  56.7
       D:11 |    3634 |    3213 |  46.9 |      20 |      20 |  50.0
       D:12 |    5389 |    2428 |  31.1 |      21 |       8 |  27.6
       D:13 |   10419 |    9593 |  47.9 |      43 |      15 |  25.9
       D:14 |    8551 |       0 |   0.0 |      34 |       0 |   0.0
       D:15 |    5869 |    8661 |  59.6 |      24 |      11 |  31.4
     Lair:1 |    1368 |     487 |  26.3 |       7 |       2 |  22.2
     Lair:2 |   11436 |     326 |   2.8 |      28 |       2 |   6.7
     Lair:3 |    2388 |    1268 |  34.7 |       9 |       5 |  35.7
     Lair:4 |    3487 |     776 |  18.2 |      12 |       4 |  25.0
   Shoals:1 |    3378 |       0 |   0.0 |       7 |       0 |   0.0
   Shoals:2 |    1007 |       0 |   0.0 |       2 |       0 |   0.0
   Shoals:3 |    4540 |       0 |   0.0 |      12 |       0 |   0.0
    Snake:1 |       0 |    2127 | 100.0 |       0 |       5 | 100.0
    Snake:2 |    7661 |       0 |   0.0 |      14 |       0 |   0.0
    Snake:3 |    6693 |       0 |   0.0 |      13 |       0 |   0.0
    Snake:4 |   10885 |   39736 |  78.5 |      21 |      64 |  75.3
     Bailey |       0 |    1558 | 100.0 |       0 |      12 | 100.0
   Gauntlet |       0 |    4786 | 100.0 |       0 |       9 | 100.0
            +---------+---------+-------+---------+---------+-------
